 Dungeon Crawl Stone Soup version 0.26-a0-996-g6b303dbc09 (webtiles) character file.

Game seed: 9657777454260649256

95 JumpZero the Chopper (level 4, -9/40 HPs)
             Began as a Hill Orc Fighter on Dec 6, 2020.
             Killed by divine providence
             ... invoked by an orc priest
              (11 damage)
             ... on level 2 of the Dungeon.
             The game lasted 00:06:08 (2198 turns).

JumpZero the Chopper (Hill Orc Fighter)             Turns: 2198, Time: 00:06:09

Health: -9/40      AC:  7    Str: 19    XL:     4   Next: 66%
Magic:  4/4        EV:  7    Int:  8    God:
Gold:   110        SH:  9    Dex: 10    Spells: 3/3 levels left

rFire    . . .     SeeInvis .   a - +0 war axe
rCold    . . .     Faith    .   c - +0 kite shield
rNeg     . . .     Spirit   .   b - +0 scale mail
rPois    .         Reflect  .   (no helmet)
rElec    .         Harm     .   (no cloak)
rCorr    .         Rampage  .   (no gloves)
MR       .....                  (no boots)
Stlth    ..........             (no amulet)
HPRegen  0.13/turn              (no ring)
MPRegen  0.09/turn              (no ring)

@: no status effects
A: no striking features
a: Convert to Beogh


You were on level 2 of the Dungeon.
You visited 1 branch of the dungeon, and saw 3 of its levels.

You collected 110 gold pieces.

Inventory:

Hand Weapons
 a - a +0 war axe (weapon)
Armour
 b - a +0 scale mail (worn)
 c - a +0 kite shield (worn)
Jewellery
 f - an uncursed amulet of magic regeneration {unknown}
Scrolls
 g - 2 scrolls of fog {unknown}
 h - 5 scrolls of identify {unknown}
 j - a scroll of fear {unknown}
 k - 2 scrolls of teleportation {unknown}
 m - a scroll of enchant armour {unknown}
 n - a scroll of remove curse {unknown}
 p - a scroll of blinking {unknown}
Potions
 d - 2 potions of might
 e - a potion of mutation {unknown}
 i - a potion of curing {unknown}
 l - a potion of attraction {unknown}
 o - 2 potions of degeneration {unknown}


   Skills:
 + Level 4.0 Fighting
 + Level 4.2 Axes
 + Level 3.7 Armour
 + Level 0.4 Dodging
 + Level 0.2 Stealth
 + Level 4.1 Shields


You had 3 spell levels left.
You didn't know any spells.
Your spell library was empty.

Dungeon Overview and Level Annotations

Branches:
Dungeon (3/15)

Altars:
Makhleb
Vehumet


Message History

You barely miss the orc priest.
The orc priest shouts, "Beogh is our master!
Accept the truth or die!"
You block the orc priest's attack. x2
You hit the orc priest but do no damage.
The orc priest threatens, "By the altar or by the axe, you will meet Beogh!"
The orc priest hits you with a +0 flail.
* * * LOW HITPOINT WARNING * * *
You hit the orc priest but do no damage.
The orc priest shouts, "Beogh is our master!
Accept the truth or die!"
The orc priest completely misses you.
Your shield and scale mail prevent you from hitting the orc priest.
The orc priest barely misses you.
You hit the orc priest.
The orc priest is lightly wounded.
The orc priest shouts, "Surrender to Beogh and we'll let you live!"
The orc priest hits you with a +0 flail.
* * * LOW HITPOINT WARNING * * *
The orc priest calls down the wrath of Beogh upon you.
Beogh smites you!
You die...

### ### #.#################.#
#...................# #######
#.########..#.#####.# #.....# #.#
#......### #.####.###.### #.#
#.###....###'##)......... #.#
##...##.#@.#.........#.###
##.#####..#...)#..#.........+....
.....#>[.##...##o...........##'#+
##.#.#.#.#....#.............#....
#.#.#...#.##...##..........#....
#.#........###.............#....
##.....#.#.)....##...########...[
.............#.###...#......'....
#####......#.#.# #...#.######....


You could see an orc priest.

Vanquished Creatures
  A scorpion (D:3)
  An adder (D:2)
  A dart slug (D:1)
  A leopard gecko (D:1)
  2 orcs
  A ball python (D:2)
  5 bats
  A giant cockroach (D:2)
  3 goblins
  2 hobgoblins (D:1)
  5 frilled lizards
  3 kobolds
  9 rats
35 creatures vanquished.

Notes
Turn   | Place    | Note
-------+----------+-------------------------------------------
     0 | D:1      | JumpZero the Hill Orc Fighter began the quest for the Orb.
     0 | D:1      | Reached XP level 1. HP: 19/19 MP: 1/1
   471 | D:1      | Reached XP level 2. HP: 27/27 MP: 2/2
  1200 | D:2      | Reached XP level 3. HP: 30/33 MP: 3/3
  1495 | D:2      | Found a radiant altar of Vehumet.
  1499 | D:2      | Found a burning altar of Makhleb.
  2057 | D:3      | Noticed a scorpion
  2072 | D:3      | Killed a scorpion
  2073 | D:3      | Reached XP level 4. HP: 12/40 MP: 4/4
  2189 | D:2      | HP: 1/40 [orc priest/+0 flail (4)]
  2198 | D:2      | Killed from afar by an orc priest

Illustrated notes

Levels and vault maps discovered:
D:1:      dpeg_arrival_boxorama, layout_basic
D:2:      layout_basic, grunt_temple_overflow_open, chequers_avenue,
          minmay_pentomino_s4
D:3:      layout_loops_ring, chequers_ecumenical_altar_simple_redux,
          uniq_sigmund

Skill      XL: |  1  2  3 |
---------------+----------+-----
Axes           | 3 4 |  4.2
Fighting       | 4 |  4.0
Shields        | 4 |  4.1
Armour         | |  3.7
Dodging        | |  0.4
Stealth        | |  0.2

Action                   |  1- 3 |  4- 6 || total
-------------------------+-------+-------++-------
Melee: War axe           |   103 |    12 ||   115
Armor: Scale mail        |    48 |     1 ||    49
Dodge: Dodged            |    37 |     5 ||    42
Block: Kite shield       |    60 |     4 ||    64

Table legend: (Time is in decaauts)
 A = Elapsed time spent in this place.
 B = Non-inter-level travel time spent in this place.
 C = Inter-level travel time spent in this place.
 D = Time resting spent in this place.
 E = Time spent auto-exploring this place.
 F = Levels seen in this place.
 G = Mean time per level.
                   A        B        C        D        E       F      G
               +--------+--------+--------+--------+--------+-----+--------+
         Total |   2250 |   2091 |    159 |    627 |   1122 |   3 |  750.0 |
       Dungeon |   2250 |   2091 |    159 |    627 |   1122 |   3 |  750.0 |
               +--------+--------+--------+--------+--------+-----+--------+

Top non-repeatable levels by time:
     D:1: 1248 daAuts
     D:2: 892 daAuts
     D:3: 110 daAuts
